 Dungeon Sprint DCSS version 0.31-a0-75-g6fe912e8c5 (webtiles) character file.

Game seed: 16881455437836062609

907 fozzywoppz the Grappler (level 7, -3/79 HPs)
             Began as a Troll Fighter on May 23, 2023.
             Slain by a hornet (4 damage)
             ... in the Dungeon (Sprint II: "The Violet Keep of Menkaure").
             The game lasted 00:04:48 (351 turns).

fozzywoppz the Grappler (Troll Fighter)              Turns: 351, Time: 00:04:48

Health: -3/79      AC:  4    Str: 25    XL:     7   Next: 81%
Magic:  6/6        EV: 11    Int:  4    God:
Gold:   296        SH: 10    Dex: 11    Spells: 6/6 levels left

rFire   . .          .
                       - Unarmed
rCold   . . .        b - +0 kite shield
rNeg    . . .        a - +0 robe
rPois   .            (helmet restricted)
rElec   .            (no cloak)
rCorr   +            (gloves unavailable)
SInv    .            (boots unavailable)
Will    .....        (no amulet)
Stlth   +            j - ring of Cus Xicedd {rCorr Slay+2}
HPRegen 1.13/turn    (no ring)
MPRegen 0.10/turn

%: no teleportation
@: lethally poisoned (-3 -> -3), hasted and slowed
A: large, unfitting armour, claws 3, regeneration 1, shaggy fur 1, tough skin 1
a: no special abilities


You were in the Dungeon.
You visited 1 branch You collected 972 gold pieces.
You spent 676 gold pieces at shops.

Inventory:

Armour
 a - a +0 robe (worn)
 b - a +0 kite shield (worn)
Jewellery
 j - the ring of Cus Xicedd (left claw) {rCorr Slay+2}
   (You bought it in a shop in the Dungeon)

   [ring of resist corrosion]

   Slay:      It affects your accuracy & damage with ranged weapons and melee
   (+2).
   rCorr:     It protects you from acid and corrosion.
Scrolls
 h - a scroll of immolation
Potions
 d - a potion of curing
 e - a potion of might
 g - 2 potions of magic


   Skills:
 + Level 7.6 Fighting
 + Level 7.6 Dodging
 + Level 8.4 Shields
 + Level 8.9 Unarmed Combat


You had 6 spell levels left.
You didn't know any spells.
Your spell library was empty.

Dungeon Overview and Level Annotations

Branches:
Dungeon (1/1)

Altars:
Cheibriados
Dithmenos
Elyvilon
Fedhas
Gozag
Hepliaklqana
Kikubaaqudgha
Makhleb
Nemelex Xobeh
Okawaru
Qazlal
Ru
Sif Muna
Trog
Uskayaw
Vehumet
Wu Jian
Xom
Yredelemnul
Zin
The Shining One
Jiyva
Lugonu

Shops:
D ![:*?:(?:(=!![=

Annotations:
D exclusion: oklob plant


Innate Abilities, Weirdness & Mutations

You are too large for most types of armour.
You have claws for hands.
Your natural rate of healing is unusually fast.
You are covered in fur. (AC +1)
You have tough skin. (AC +1)


Message History

The hornet is severely wounded.
You feel yourself speed up. The hornet stings you.
* * * LOW HITPOINT WARNING * * *
You are poisoned.
You feel yourself slow down.
You feel much better.
You feel yourself speed up.
You feel very sick. The hornet closely misses you. The hornet stings you.
* * * LOW HITPOINT WARNING * * *
You are more poisoned.
You feel yourself slow down.
You feel better. The hornet stings you!
* * * LOW HITPOINT WARNING * * *
You are poisoned.
You feel as though you will be slow longer.
Unknown command.
You closely miss the hornet.
The hornet is severely wounded.
You feel very sick. The hornet barely misses you.
You completely miss the hornet.
The hornet is severely wounded.
You feel sick. The hornet closely misses you. The hornet stings you!
* * * LOW HITPOINT WARNING * * *
You feel as though you will be slow longer.
Unknown command.
You scratch the hornet.
The hornet is severely wounded.
You feel sick. The hornet stings you.
* * * LOW HITPOINT WARNING * * *
You feel as though you will be slow longer.
Unknown command.
Unknown command.
Unknown command.
You closely miss the hornet.
The hornet is severely wounded.
You feel sick. The hornet stings you.
You die...

+++## ....# ##..# #^
.##.#### +.### ..#....#
...#### # ###..##
#..##.#▓[(((?$ ###.##..#
+.^#..#▓!()!$($?▓ ##...#..#
#..#..#▓!!!!$=([▓
.÷.##'..####.^##@#▓?(?$!![(
##...#....###.cy##▓▓▓▓▓▓▓+
###.##......~~~h~h~~~~~~~.
.####~~..§§.~#'########+###
#.#~§§~~~~.§~#....._._#S~§##
.##~§~§~~§~†§#...._._.#S~≈≈#
##~~~≈≈§~~~~~#..._._._#~§§§§
~~~~~~§§§≈~~~#.._._._.#~§§§§
+++#~≈≈≈≈≈≈≈~#._._._._#§§~§§


You could see a polar bear, a yaktaur and a hornet.

Vanquished Creatures
  2 wyverns (D)
  Menkaure (D)
  4 scorpions (D)
  4 necrophages (D)
  3 worms (D)
14 creatures vanquished.

Vanquished Creatures (others)
  A water moccasin (D)
1 creature vanquished.

Grand Total: 15 creatures vanquished

Notes
Turn   | Place    | Note
-------+----------+-------------------------------------------
     0 | D        | fozzywoppz the Troll Fighter began the quest for the Orb.
     0 | D        | Reached XP level 1. HP: 22/22 MP: 0/0
     1 | D        | Noticed a scorpion
     1 | D        | Noticed a scorpion
     5 | D        | Killed a scorpion
     6 | D        | Reached XP level 2. HP: 25/32 MP: 1/1
     6 | D        | Reached XP level 3. HP: 30/39 MP: 2/2
     8 | D        | Killed a scorpion
     9 | D        | Reached skill level 5 in Shields
     9 | D        | Reached skill level 5 in Unarmed Combat
     9 | D        | Reached XP level 4. HP: 34/49 MP: 3/3
    10 | D        | Noticed a necrophage
    10 | D        | Noticed a necrophage
    10 | D        | Noticed a necrophage
    10 | D        | Noticed a necrophage
    17 | D        | Killed a necrophage
    18 | D        | Reached skill level 5 in Fighting
    18 | D        | Reached skill level 5 in Dodging
    18 | D        | Reached XP level 5. HP: 34/57 MP: 4/4
    26 | D        | Reached XP level 6. HP: 45/67 MP: 5/5
    90 | D        | Noticed a wyvern
    90 | D        | Noticed a wyvern
    94 | D        | Killed a wyvern
    95 | D        | Reached XP level 7. HP: 78/78 MP: 6/6
    96 | D        | Killed a wyvern
   134 | D        | Noticed a flying skull
   134 | D        | Noticed a flying skull
   134 | D        | Noticed a flying skull
   134 | D        | Noticed a flying skull
   182 | D        | Found Qorgh's Weapon Emporium.
   182 | D        | Found Owyrhesi's Distillery.
   182 | D        | Found Hourus's Antique Armour Emporium.
   182 | D        | Found Kuhim's Book Shoppe.
   182 | D        | Found Unluak's Jewellery Shoppe.
   183 | D        | Found Vofrast's Magic Scroll Shoppe.
   183 | D        | Found Kihu's Jewellery Emporium.
   183 | D        | Found Cibawi's Distillery.
   184 | D        | Found Lassao's Antique Weapon Shoppe.
   184 | D        | Found Acutt's Book Emporium.
   186 | D        | Found Wafamemeth's Magic Scroll Emporium.
   186 | D        | Found Awnuor's General Store.
   186 | D        | Noticed Menkaure
   186 | D        | Noticed a fire dragon
   186 | D        | Noticed an oklob plant
   186 | D        | Noticed a wyvern
   187 | D        | Noticed a wyvern
   205 | D        | Killed Menkaure
   207 | D        | Noticed a wyvern
   212 | D        | Noticed a flying skull
   213 | D        | Noticed a flying skull
   213 | D        | Noticed a flying skull
   229 | D        | Found Mebb's Antique Armour Shoppe.
   229 | D        | Found Ymewi's Distillery.
   229 | D        | Found Oqoes's Book Shoppe.
   239 | D        | Bought a potion of heal wounds for 65 gold pieces
   239 | D        | Bought a potion of curing for 39 gold pieces
   255 | D        | Bought a potion of might for 56 gold pieces
   260 | D        | Noticed a death yak
   261 | D        | Bought a scroll of immolation for 56 gold pieces
   267 | D        | Bought the ring of Cus Xicedd {rCorr Slay+2} for 460 gold
                  | pieces
   296 | D        | Noticed a flying skull
   299 | D        | Noticed a flying skull
   307 | D        | Found a snail-covered altar of Cheibriados.
   307 | D        | Found a hazy altar of Hepliaklqana.
   308 | D        | Found a shadowy altar of Dithmenos.
   308 | D        | Found a viscous altar of Jiyva.
   309 | D        | Found a white marble altar of Elyvilon.
   309 | D        | Found an ancient bone altar of Kikubaaqudgha.
   309 | D        | Found a sacrificial altar of Ru.
   310 | D        | Found a blossoming altar of Fedhas.
   310 | D        | Found a corrupted altar of Lugonu.
   310 | D        | Found a shimmering blue altar of Sif Muna.
   311 | D        | Found an opulent altar of Gozag.
   311 | D        | Found a burning altar of Makhleb.
   311 | D        | Found a bloodstained altar of Trog.
   312 | D        | Found a sparkling altar of Nemelex Xobeh.
   312 | D        | Found a hide-covered altar of Uskayaw.
   313 | D        | Found an iron altar of Okawaru.
   313 | D        | Found a radiant altar of Vehumet.
   313 | D        | Found a glowing silver altar of Zin.
   314 | D        | Found a basalt altar of Yredelemnul.
   314 | D        | Noticed a polar bear
   315 | D        | Noticed a polar bear
   316 | D        | Found a shimmering altar of Xom.
   316 | D        | Noticed a hornet
   316 | D        | Noticed a polar bear
   316 | D        | Noticed a yaktaur
   317 | D        | Found a stormy altar of Qazlal.
   317 | D        | Found an ornate altar of the Wu Jian Council.
   317 | D        | Found a glowing golden altar of the Shining One.
   341 | D        | Paralysed by a hornet for 1 turns
   350 | D        | HP: 3/79 [poisoned by a hornet]
   350 | D        | HP: 1/79 [hornet (2)]
   351 | D        | Slain by a hornet

Illustrated notes

Levels and vault maps discovered:
D:        the_violet_keep_of_menkaure [sprint2_stairs_cluster_1,
          sprint2_shoproom, sprint2_temple, sprint2_basic_supplies,
          sprint2_obstacle_5, sprint2_obstacle_3, sprint2_obstacle_1,
          sprint2_obstacle_7, sprint2_obstacle_2, sprint2_timed_cluster_1,
          sprint2_smallroom_cluster_1, sprint2_smallroom_final_cluster_1,
          sprint2_transparent_cluster_1, sprint2_second_timed_cluster_1,
          sprint2_sniper_area_1, sprint2_heavy_combat_area_1,
          sprint2_mutation_trap_area_1, sprint2_forest_area_1,
          sprint2_light_combat_area_1, sprint2_behind_water_1,
          sprint2_near_end_vault_1]

Skill      XL: |  1  2  3  4  5  6  7 |
---------------+----------------------+-----
Fighting       | 3 4 5 7 |  7.6
Dodging        | 4 5 7 |  7.6
Shields        | 4 5 6 7 8 |  8.4
Unarmed Combat | 4 5 6 8 |  8.9

Action                     |  1- 3 |  4- 6 |  7- 9 || total
---------------------------+-------+-------+-------++-------
  Melee: Unarmed           |     6 |    34 |    26 ||    66
    Use: Potion            |     1 |     1 |     4 ||     6
         Scroll            |       |       |     1 ||     1
 Armour: Robe              |       |     6 |     2 ||     8
  Dodge: Dodged            |     1 |    14 |     6 ||    21
  Block: Kite shield       |     2 |    12 |    10 ||    24

Table legend: (Time is in decaauts)
 A = Elapsed time spent in this place.
 B = Non-inter-level travel time spent in this place.
 C = Inter-level travel time spent in this place.
 D = Time resting spent in this place.
 E = Time spent auto-exploring this place.
 F = Levels seen in this place.
 G = Mean time per level.
                   A        B        C        D        E       F      G
               +--------+--------+--------+--------+--------+-----+--------+
         Total |    355 |    355 |      0 |     38 |      0 |   1 |  355.0 |
       Dungeon |    355 |    355 |      0 |     38 |      0 |   1 |  355.0 |
               +--------+--------+--------+--------+--------+-----+--------+

Top non-repeatable levels by time:
       D: 355 daAuts
